slyhack, chaotic female human Rogue -------------------------- |>......^^^^^^^^^^^^^^^^.| |.....%.----------------.| -------.------ |.| |...........| |.| |.`.`.`.`.`.| |.| --------.----| |.| |...`.`..`.`.| |.| |...`........| |.| -----.-------- ------|.| |..`.`m`...| --|.....|.| |.....`@...| |.+.....|.| |.`.`...`.-- |-|.....|.| -------.---- |.+.....+.| |.....`..| |-|.....|-- |........| |.+.....| |...------ --|.....| ----- ------- slyhack the Rogue Experience level: 6 Strength: 15 Dexterity: 18 Constitution: 16 Intelligence: 10 Wisdom: 12 Charisma: 8 Health: 0(40) Energy: 20(20) Def: 5 Gold: 47 Moves: 5269 Dungeon seed: 3t7wJM7jVD0o4Ry3 Game ID: slyhack_1475238238 Your Inventory: Coins $ - 47 gold pieces Weapons a - an uncursed +0 short sword (weapon in hand) b - 11 uncursed +0 daggers (in quiver) p - an uncursed +1 orcish dagger u - 45 uncursed +0 darts Armor e - an uncursed +1 leather armor (being worn) N - a blessed +1 orcish helm (being worn) Comestibles z - 2 uncursed cream pies D - 4 uncursed food rations E - 3 uncursed tripe rations G - 2 uncursed cram rations Q - 2 uncursed lichen corpses T - an uncursed cherry Scrolls m - an uncursed scroll of teleportation A - an uncursed scroll of fire H - 2 uncursed scrolls of earth Potions t - a cursed potion of gain energy w - a cursed potion of gain ability Rings F - a cursed ring of hunger M - an uncursed ring of warning R - an uncursed ring of searching U - a cursed ring of teleport control Wands I - an uncursed wand of undead turning (0:2) L - an uncursed wand of make invisible (0:4) S - an uncursed wand of digging (0:4) V - an uncursed wand of fire (0:4) Tools d - an uncursed lock pick f - an uncursed sack r - an uncursed leash v - an uncursed towel B - an uncursed skeleton key C - a blessed tallow candle (0:200) Gems n - an uncursed opal Contents of the sack: 244 gold pieces an uncursed scroll of remove curse an uncursed potion of sickness Spells and supernatural/magical abilities: Name Level Category Fail Memory W - pray for help -- divine ? -- Your skills at the end: Fighting Skills Weapon Skills dagger [Skilled] short sword [Basic] Spellcasting Skills Final Attributes: You were piously aligned. You were stealthy. You were held by a giant mimic. You are dead. Vanquished creatures: a giant mimic a leprechaun a wood nymph a rock piercer a shrieker 2 gnome lords a gnomish wizard 3 red naga hatchlings a guardian naga hatchling 2 gray oozes an elf zombie 2 little dogs a floating eye a kitten a hill orc 3 centipedes 3 monkeys an orc zombie 4 dwarf zombies a wererat a werejackal 2 iguanas a gas spore 2 manes a large kobold a hobgoblin 2 giant rats 3 brown molds 2 yellow molds a green mold 2 red molds 6 garter snakes a gnome zombie a gecko 10 jackals 2 foxes 2 goblins 4 sewer rats 5 grid bugs 5 lichens a kobold zombie 4 newts 91 creatures vanquished. Voluntary challenges: You were an atheist. You used a wielded weapon 79 times, starting on turn 44. You read items or engraved 17 times, starting on turn 1165. You never genocided any monsters. You never polymorphed an object. You never changed form. You used no wishes. You never split a pudding. You wrote Elbereth's name 16 times, starting on turn 1165. You never violated your personal moral code. Dungeon overview: The Dungeons of Doom: levels 1 to 7 Level 1 a long staircase Level 2 stairs to The Gnomish Mines Level 3 Level 4 an armor shop, some fountains, a sink Level 5 many fountains Level 6 a throne stairs to Sokoban Level 7 The Gnomish Mines: Level 3 stairs to The Dungeons of Doom Sokoban: levels 2 to 5 Level 2 <- You were here Level 3 Level 4 Level 5 stairs to The Dungeons of Doom History has recorded: On T:1 you entered the Dungeons of Doom to retrieve the Amulet of Yendor! On T:427 you reached level 2 of The Dungeons of Doom. On T:477 you reached level 3 of The Dungeons of Doom. On T:561 you reached level 1 of The Gnomish Mines. On T:699 you advanced to experience level 2. On T:726 you reached level 4 of The Dungeons of Doom. On T:1157 you reached level 6 of The Dungeons of Doom. On T:1178 you advanced to experience level 3. On T:1202 you reached level 5 of The Dungeons of Doom. On T:1330 you advanced to experience level 4. On T:2084 you reached level 7 of The Dungeons of Doom. On T:2140 you reached level 4 of Sokoban. On T:2439 you advanced to experience level 5. On T:2779 you reached level 3 of Sokoban. On T:4364 you reached level 2 of Sokoban. On T:4943 you advanced to experience level 6. On T:4973 you reached level 1 of Sokoban. Score breakdown: Gold: 291 ( 8386 points) Experience: 6 levels (12456 points) Exploration: 7 levels ( 14.00%) (10497 points) Discoveries: 7 items ( 2.35%) ( 4597 points) Valuables value: (no points given unless you survive) Artifact value: 0 ( 0 points) Variety of kills: 42 monsters ( 11.02%) ( 9960 points) Turncount: 5269 turns (-1432 points) Survival: died (score multiplied by 80%) Total score: 35571 Latest messages: V - a uranium wand. With great effort you move the boulder. You think there's a mimic there. You write in the dust with your fingers. This uranium wand is a wand of fire! You wipe out the message that was written in the dust here. You burn into the floor with a wand of fire. Flames fly from the wand. You hit the giant mimic. Some text has been burned into the floor here. You read: "Elbereth". Wait! That's a giant mimic! You cannot escape from the giant mimic! The giant mimic hits! (2x) You write in the dust with your fingers. The giant mimic hits! (2x) You die... Final status: Goodbye slyhack the Rogue, killed by a giant mimic... You died in Sokoban on dungeon level 2 with 35571 points, and 291 pieces of gold, after 5269 moves. You were level 6 with a maximum of 40 hit points when you died.